 Dungeon Crawl Stone Soup version 0.19.4-9-g45fd643 (webtiles) character file.

674 sveltemanboy the Bolt Thrower (level 7, 0/36 HPs)
             Began as a Vine Stalker Hunter on Feb 22, 2017.
             Slain by a centaur (1 damage)
             ... on level 5 of the Dungeon.
             The game lasted 00:08:32 (2849 turns).

sveltemanboy the Bolt Thrower (Vine Stalker Hunter) Turns: 2849, Time: 00:08:33

Health: 0/36       AC:  7    Str: 15    XL:     7   Next: 59%
Magic:  0/8        EV: 11    Int: 13    God:
Gold:   199        SH:  0    Dex: 14    Spells: 0 memorised, 6 levels left

rFire  . . .     SeeInvis .     b - +2 flail (drain)
rCold  . . .     Gourm    .     v - +0 scale mail
rNeg   . . .     Faith    .     (no shield)
rPois  .         Spirit   +     s - +0 helmet
rElec  .         Reflect  .     (no cloak)
rCorr  .         Harm     .     (no gloves)
MR     .....                    (no boots)
Stlth  ..........               x - amulet of rage
                                (no ring)
                                (no ring)

@: no status effects
A: fangs 2, regeneration 1, magic shield, antimagic bite, no device heal 3, rot
immunity
a: Evoke Berserk Rage


You were on level 5 of the Dungeon.
You were not hungry.

You visited 1 branch of the dungeon, and saw 5 of its levels.

You collected 199 gold pieces.

Inventory:

Hand Weapons
 a - a +1 hand crossbow
 b - a +2 flail of draining (weapon)
Missiles
 d - 29 bolts
Armour
 s - a +0 helmet (worn)
 v - a +0 scale mail (worn)
Jewellery
 x - an amulet of rage (around neck)
Scrolls
 e - 2 scrolls of noise {unknown}
 h - a scroll of teleportation {unknown}
 m - a scroll of fear {unknown}
 n - 2 scrolls of magic mapping {unknown}
 o - a scroll of recharging {unknown}
 p - 3 scrolls of remove curse {unknown}
 t - 5 scrolls of identify {unknown}
 w - a scroll of random uselessness {unknown}
 y - a scroll of fog {unknown}
 z - a scroll of immolation {unknown}
Potions
 g - 2 potions of agility {unknown}
 j - 4 potions of lignification {unknown}
 k - a potion of berserk rage {unknown}
 l - 2 potions of might {unknown}
 q - 2 potions of heal wounds {unknown}
 u - 3 potions of invisibility {unknown}
Comestibles
 c - a beef jerky
 f - 2 bread rations
 i - 3 meat rations
 r - 5 fruits


   Skills:
 - Level 3.1 Fighting
 * Level 3.8 Maces & Flails
 - Level 4.0 Crossbows
 + Level 3.1 Armour
 - Level 3.5 Dodging
 - Level 1.2 Stealth


You had 6 spell levels left.
You didn't know any spells.

Dungeon Overview and Level Annotations

Branches:
Dungeon (5/15)
 Temple: D:4-7

Altars:
Ashenzari
Sif Muna


Innate Abilities, Weirdness & Mutations

You have extremely sharp teeth.
Your natural rate of healing is unusually fast.
When hurt, damage is shared between your health and your magic reserves.
Your bite disrupts and absorbs the magic of your enemies.
Potions and wands cannot restore your health.
You are immune to rotting.


Message History

You drain the worker ant!
You kill the worker ant!
You now have 199 gold pieces (gained 17).
A centaur comes into view.
The centaur shouts!
The centaur wields a shortbow.
The centaur shoots an arrow.
The arrow hits you!
The centaur shoots an arrow.
The arrow hits you!
Found a meat ration and 16 gold pieces.
You see here an arrow.
The centaur shoots an arrow.
The arrow hits you!
You see here an arrow.
The centaur shoots an arrow.
The arrow hits you.
* * * LOW HITPOINT WARNING * * *
You see here an arrow.
The centaur shoots an arrow.
The arrow hits you!
* * * LOW HITPOINT WARNING * * *
You see here an arrow.
The centaur unwields an uncursed shortbow.
The centaur barely misses you. The centaur hits you.
You die...

......# #
##########..##.#
#.........#.##.#
#.........#..#.#
#$........##.#.#
#.........##.#.#
#.........##.#.#
#.........##...#
#..c@(....###..######
#.....(.............#
#%.....(.......####.#
#.......(......# #.#
#######........# #.#
#........# #.#
#.......># #.#
#.......## #.#
#.......# #.#


You could see a centaur.

Vanquished Creatures
  A hippogriff (D:4)
  The ghost of Agrougrou the Covered, an amateur FoFi (D:3)
  A howler monkey (D:4)
  An orc wizard (D:3)
  Terence (D:2)
  An iguana (D:4)
  3 worker ants
  7 adders
  An ooze (D:1)
  An adder skeleton (D:4)
  7 worms
  3 dart slugs
  2 orcs (D:3)
  A ball python (D:3)
  3 giant cockroaches
  8 goblins
  11 hobgoblins
  A ball python skeleton (D:4)
  9 bats
  6 frilled lizards
  A giant cockroach zombie (D:5)
  4 kobolds
  7 rats
81 creatures vanquished.

Notes
Turn   | Place    | Note
-------+----------+-------------------------------------------
     0 | D:1      | sveltemanboy the Vine Stalker Hunter began the quest for the Orb.
     0 | D:1      | Reached XP level 1. HP: 11/11 MP: 2/2
    29 | D:1      | Reached XP level 2. HP: 15/15 MP: 3/3
   295 | D:1      | Reached skill level 4 in Crossbows
   460 | D:1      | Reached XP level 3. HP: 18/18 MP: 4/4
   701 | D:2      | Noticed Terence
   707 | D:2      | Killed Terence
   707 | D:2      | Reached skill level 1 in Armour
   754 | D:2      | Gained mutation: Your natural rate of healing is unusually fast. [Vine Stalker growth]
   754 | D:2      | Reached XP level 4. HP: 22/23 MP: 5/5
  1520 | D:3      | Found a faded altar of an unknown god.
  1583 | D:3      | Reached XP level 5. HP: 26/28 MP: 4/6
  1774 | D:3      | Found a shattered altar of Ashenzari.
  1774 | D:3      | Found a deep blue altar of Sif Muna.
  1783 | D:3      | Noticed Agrougrou's ghost (amateur FoFi)
  1982 | D:3      | You fall through a shaft for 2 floors!
  1982 | D:5      | Entered Level 5 of the Dungeon
  2025 | D:4      | Reached skill level 1 in Maces & Flails
  2040 | D:4      | Reached XP level 6. HP: 32/32 MP: 7/7
  2276 | D:4      | Noticed a hippogriff
  2332 | D:3      | Killed Agrougrou's ghost
  2332 | D:3      | Reached XP level 7. HP: 31/36 MP: 8/8
  2711 | D:4      | Killed a hippogriff
  2848 | D:5      | HP: 1/36 [centaur/arrow (9)]
  2849 | D:5      | Slain by a centaur

Skill      XL: |  1  2  3  4  5  6  7 |
---------------+----------------------+-----
Fighting       | 2 3 |  3.1
Crossbows      | 4 |  4.0
Dodging        | 2 3 |  3.5
Armour         | 1 2 3 |  3.1
Maces & Flails | 1 2 3 |  3.8
Stealth        | |  1.2

Action                   |  1- 3 |  4- 6 |  7- 9 || total
-------------------------+-------+-------+-------++-------
Melee: Short sword       |    23 |    85 |       ||   108
       Bite              |     3 |    40 |     4 ||    47
       Flail             |       |    56 |    16 ||    72
 Fire: Hand crossbow     |    32 |    55 |     7 ||    94
 Abil: Evoke Berserk Rag |       |     1 |       ||     1
  Eat: Chunk             |       |     5 |     2 ||     7
Armor: Leather armour    |     1 |       |       ||     1
       Ring mail         |    13 |    12 |       ||    25
       Scale mail        |       |    49 |     4 ||    53
Dodge: Dodged            |    12 |    83 |    15 ||   110
